 Dungeon Crawl Stone Soup version 0.30-a0-341-g682706514a (webtiles) character file.

Game seed: 8674996149501932481

233 Iich the Chopper (level 5, -1/47 HPs)
             Began as a Minotaur Berserker on Nov 3, 2022.
             Was a Priest of Trog.
             Slain by a river rat (8 damage)
             ... on level 4 of the Dungeon.
             The game lasted 00:04:17 (3055 turns).

Iich the Chopper (Minotaur Berserker)               Turns: 3055, Time: 00:04:18

Health: -1/47      AC:  7    Str: 26    XL:     5   Next: 74%
Magic:  4/4        EV: 10    Int:  4    God:    Trog [***...]
Gold:   147        SH:  5    Dex:  9    Spells: 4/4 levels left

rFire   + . .      SeeInvis .    y - +11 great sword of Tomorrow {vorpal, rElec rF+ Str+2}
rCold   . . .      Faith    .    (shield currently unavailable)
rNeg    . . .      Spirit   .    i - +0 scale mail
rPois   .          Reflect  +    (helmet restricted)
rElec   +          Harm     .    (no cloak)
rCorr   .          Rampage  .    (no gloves)
Will    .....                    (no boots)
Stlth   ..........               l - amulet of reflection
HPRegen 0.27/turn                (no ring)
MPRegen 0.09/turn                (no ring)

@: no status effects
A: horns 2, retaliatory headbutt
a: Renounce Religion, Berserk, Trog's Hand


You were on level 4 of the Dungeon.
You worshipped Trog.
Trog was most pleased with you.
You visited 1 branch of the dungeon, and saw 4 of its levels.

You collected 147 gold pieces.

Inventory:

Hand Weapons
 a - a +0 hand axe
 y - the +11 great sword of Tomorrow (weapon) {vorpal, rElec rF+ Str+2}
   (You found it on level 4 of the Dungeon)

   It inflicts extra damage upon your enemies.
   Str:       It affects your strength (+2).
   rF:        It protects you from fire.
   rElec:     It insulates you from electricity.
Armour
 b - a +0 animal skin
 c - a +0 ring mail
 i - a +0 scale mail (worn)
 t - a +0 kite shield
Jewellery
 l - an amulet of reflection (around neck)
Wands
 w - a wand of roots (8)
Scrolls
 e - 2 scrolls of enchant weapon {unknown}
 g - 2 scrolls of vulnerability {unknown}
 h - 8 scrolls of identify {unknown}
 k - 2 scrolls of magic mapping {unknown}
 m - 3 scrolls of torment {unknown}
 n - a scroll of blinking {unknown}
 p - a scroll of butterflies {unknown}
 r - a scroll of enchant armour {unknown}
 s - 2 scrolls of teleportation {unknown}
 u - a scroll of noise {unknown}
 z - a scroll of fear {unknown}
Potions
 d - a potion of ambrosia {unknown}
 f - 4 potions of curing {unknown}
 j - a potion of flight {unknown}
 o - 3 potions of heal wounds {unknown}
 q - a potion of brilliance {unknown}
 v - a potion of attraction {unknown}
 x - 2 potions of experience {unknown}
 A - a potion of invisibility {unknown}


   Skills:
 + Level 4.9 Fighting
 * Level 1.3 Long Blades
 - Level 5.7 Axes
 + Level 3.9 Armour
 + Level 2.7 Dodging
 + Level 0.1 Stealth
 + Level 0.5 Shields


You had 4 spell levels left.
You didn't know any spells.
Your spell library was empty.

Dungeon Overview and Level Annotations

Branches:
Dungeon (4/15)
 Temple: D:4-7

Altars:
Ashenzari


Innate Abilities, Weirdness & Mutations

You have a pair of horns on your head.
You reflexively headbutt those who attack you in melee.


Message History

You kill the rat!
Trog accepts your kill.
The rat twitches its whiskers.
You see here 2 stones.
You hit the river rat but do no damage. You headbutt the river rat.
The river rat is moderately wounded.
The river rat barely misses you. You block the river rat's attack.
The river rat bites you. The river rat barely misses you.
The river rat bites you.
You slash the river rat!
You kill the river rat!
Trog accepts your kill. The river rat bites you! The river rat bites you.
You block the river rat's attack. The river rat barely misses you.
You block the river rat's attack.
You slash the river rat!
The river rat is almost dead.
The river rat bites you.
The river rat bites you but does no damage.
You block the river rat's attack.
The river rat bites you but does no damage.
You closely miss the river rat.
The river rat is almost dead.
The river rat barely misses you. The river rat closely misses you.
You block the river rat's attack. The river rat closely misses you.
You block the river rat's attack. The river rat bites you.
You block the river rat's attack. The river rat bites you.
You hit the river rat.
You kill the river rat!
Trog accepts your kill. The river rat closely misses you.
The river rat bites you but does no damage.
You completely miss the river rat. The river rat bites you!
* * * LOW HITPOINT WARNING * * *
The river rat bites you.
* * * LOW HITPOINT WARNING * * *
The river rat bites you.
* * * LOW HITPOINT WARNING * * *
The river rat barely misses you. The river rat bites you!
You die...

#................#..#...........
##.#####.##########..###########.
....####.# ####...# #.
##..#<##.#### ##.#.#######.
#..#.##.#..# #..#.........
#..#.##.#.## ##.##########
#..#.##.#.##########............
##..#.##.#.......r.....##########
....#.##.#.#####@#####.#
#...#.##.#.##rrrrrrr##.#
....#.##.#.##.rrrrrr##.#
..#......#.##..rrrr.#..#
..#.#......#############
..#.#.....[# ..#.#.####.#
..#.#......# ..#.########


You could see 6 river rats and 12 rats.

Vanquished Creatures
  A hound (D:4)
  2 iguanas (D:4)
  A gnoll (D:3)
  4 adders
  2 river rats (D:4)
  3 worms
  An orc (D:3)
  8 ball pythons
  7 bats
  6 endoplasms
  A giant cockroach (D:1)
  6 goblins
  10 hobgoblins
  4 jackals
  3 quokkas
  5 frilled lizards
  9 kobolds
  6 rats
79 creatures vanquished.

Vanquished Creatures (others)
  A plant (D:3)
1 creature vanquished.

Grand Total: 80 creatures vanquished

Notes
Turn   | Place    | Note
-------+----------+-------------------------------------------
     0 | D:1      | Iich the Minotaur Berserker began the quest for the Orb.
     0 | D:1      | Reached XP level 1. HP: 19/19 MP: 0/0
    95 | D:1      | Reached XP level 2. HP: 27/27 MP: 1/1
   186 | D:1      | Reached skill level 4 in Axes
   766 | D:1      | Reached ** piety under Trog
   767 | D:1      | Reached XP level 3. HP: 33/33 MP: 2/2
  1245 | D:2      | Found a broken altar of Ashenzari.
  1593 | D:2      | Found a faded altar of an unknown god.
  1724 | D:2      | Reached skill level 5 in Axes
  1724 | D:2      | Reached XP level 4. HP: 41/41 MP: 3/3
  1927 | D:3      | Reached *** piety under Trog
  2318 | D:4      | Reached XP level 5. HP: 38/47 MP: 4/4
  2400 | D:4      | Identified the +11 great sword of Tomorrow {vorpal, rElec
                  | rF+ Str+2}
  2503 | D:4      | Reached skill level 1 in Long Blades
  3055 | D:4      | Slain by a river rat

Illustrated notes

Levels and vault maps discovered:
D:1:      lightli_arrival_statue_moat, layout_basic, chequers_decorated_corner
D:2:      layout_loops_ring, dreamdust_ecumenical_altar_angels_and_demons,
          basic_altar
D:3:      layout_rooms, serial_bayou_pond_b
D:4:      layout_basic, small_statue_intersection, dk_rats_in_the_wall

Skill      XL: |  1  2  3  4  5 |
---------------+----------------+-----
Fighting       | 4 |  4.9
Axes           | 4 5 |  5.7
Armour         | 3 |  3.9
Long Blades    | 1 |  1.3
Dodging        | |  2.7
Stealth        | |  0.1
Shields        | |  0.5

Action                   |  1- 3 |  4- 6 || total
-------------------------+-------+-------++-------
Melee: Hand axe          |   103 |    43 ||   146
       Headbutt          |    11 |     8 ||    19
       Great sword       |       |    24 ||    24
Armor: Animal skin       |     2 |       ||     2
       Ring mail         |    19 |       ||    19
       Scale mail        |    22 |    34 ||    56
Dodge: Dodged            |    62 |    46 ||   108
Block: Other             |     2 |    19 ||    21

Table legend: (Time is in decaauts)
 A = Elapsed time spent in this place.
 B = Non-inter-level travel time spent in this place.
 C = Inter-level travel time spent in this place.
 D = Time resting spent in this place.
 E = Time spent auto-exploring this place.
 F = Levels seen in this place.
 G = Mean time per level.
                   A        B        C        D        E       F      G
               +--------+--------+--------+--------+--------+-----+--------+
         Total |   3082 |   3060 |     22 |      0 |   2231 |   4 |  770.5 |
       Dungeon |   3082 |   3060 |     22 |      0 |   2231 |   4 |  770.5 |
               +--------+--------+--------+--------+--------+-----+--------+

Top non-repeatable levels by time:
     D:1: 1009 daAuts
     D:4: 866 daAuts
     D:2: 743 daAuts
     D:3: 462 daAuts
